sdrafdrastra, lawful male human Caveman ---- |..| ---- -------..-- |... - --...|.....-- ---- -.... |...........--...---- - |...... --....................| |........ ------...........<.....---- -.........I.....................- -.......))----.................| -............- ---.....---....|.-- |.... --..... |.....| |..----- -. -..... -....`| |.-- ..... |.....--- --- -.... |.....| --.. ---...- ..- .... -- -..... ...... --.---.- -- -- sdrafdrastra the Aborigine Experience level: 4 Strength: 21 Dexterity: 12 Constitution: 18 Intelligence: 10 Wisdom: 7 Charisma: 7 Health: 0(37) Energy: 6(6) Def: 2 Gold: 285 Moves: 1249 Dungeon seed: g8yQQxCTulIV4y3p Game ID: sdrafdrastra_1556974172 Your Inventory: Coins $ - 285 gold pieces Weapons a - a blessed +1 club b - an uncursed +2 sling (alternate weapon; not wielded) k - a blessed +1 katana (weapon in hand) s - 14 uncursed +0 daggers (in quiver) t - 12 uncursed +0 darts Armor q - an uncursed +0 leather armor (being worn) Scrolls d - a cursed scroll of enchant weapon g - an uncursed scroll of enchant armor l - an uncursed scroll of genocide p - a cursed scroll of teleportation z - an uncursed scroll of identify Spellbooks h - an uncursed spellbook of cone of cold m - an uncursed spellbook of turn undead Potions c - a blessed potion of extra healing i - an uncursed potion of water r - an uncursed potion of gain energy Wands x - an uncursed wand of nothing (0:2) Tools o - 6 uncursed wax candles (0:400) u - 7 blessed wax candles (0:400) v - an uncursed stethoscope w - 2 uncursed tallow candles (0:200) Gems e - 12 uncursed flint stones n - 19 uncursed rocks y - 2 uncursed worthless pieces of red glass Spells and supernatural/magical abilities: Name Level Category Cost Memory W - pray for help -- divine ? -- Your skills at the end: Fighting Skills bare handed combat [Basic] Weapon Skills club [Basic] sling [Basic] Spellcasting Skills Final Attributes: You were piously aligned. You were blinded. You last prayed 270 turns ago. Anu was noncommittal. You are dead. Vanquished creatures: a dog a yellow light 3 gnome lords 2 gnomish wizards a dwarf an iguana a coyote 12 gnomes a fox a lichen 4 newts 28 creatures vanquished. Voluntary challenges: You used a wielded weapon 15 times, starting on turn 669. You were illiterate. You never genocided any monsters. You never polymorphed an object. You never changed form. You used no wishes. You never split a pudding. You never wrote Elbereth's name. You never violated your personal moral code. Dungeon overview: The Dungeons of Doom: levels 1 to 4 Level 1 a vault a long staircase Level 2 Level 3 a fountain stairs to The Gnomish Mines Level 4 The Gnomish Mines: levels 4 to 6 Level 4 stairs to The Dungeons of Doom Level 5 Level 6 <- You were here History has recorded: On T:1 you entered the Dungeons of Doom to retrieve the Amulet of Yendor! On T:336 you reached level 2 of The Dungeons of Doom. On T:351 you reached level 3 of The Dungeons of Doom. On T:665 you reached level 4 of The Dungeons of Doom. On T:908 you reached level 1 of The Gnomish Mines. On T:980 you advanced to experience level 2. On T:994 you advanced to experience level 3. On T:1072 you reached level 2 of The Gnomish Mines. On T:1102 you advanced to experience level 4. On T:1117 you reached level 3 of The Gnomish Mines. Score breakdown: Gold: 285 ( 8355 points) Experience: 4 levels ( 9649 points) Exploration: 6 levels ( 12.00%) ( 9583 points) Discoveries: 0 items ( 0.00%) ( 0 points) Valuables value: (no points given unless you survive) Artifact value: 0 ( 0 points) Variety of kills: 11 monsters ( 2.89%) ( 5104 points) Turncount: 1249 turns ( 0 points) Survival: died (score multiplied by 80%) Total score: 26152 Latest messages: It bites! There's still a monster there. It bites! You miss it. It bites! You hit it. It bites! (2x) You miss it. It bites! It bites! It bites! (2x) Status of the dog (neutral): Level 4 HP 9(18) Pw 6(6) Def 5. There's still a monster there. It bites! You die... For some reason, you think that you can almost hear the Wizard laugh manically... Final status: Goodbye sdrafdrastra the Caveman, killed by a dog... You died in The Gnomish Mines on dungeon level 6 with 26152 points, and 285 pieces of gold, after 1249 moves. You were level 4 with a maximum of 37 hit points when you died.